 Dungeon Crawl Stone Soup version 0.21-a0-518-g43a1781 (webtiles) character file.

28 Gerstahl the Twirler (level 3, 28/28 HPs)
             Began as a Demonspawn Gladiator on Dec 5, 2017.
             Quit the game on level 1 of the Dungeon.
             The game lasted 00:00:47 (611 turns).

Gerstahl the Twirler (Demonspawn Gladiator)          Turns: 611, Time: 00:00:48

Health: 28/28      AC:  3    Str: 14    XL:     3   Next: 0%
Magic:  3/3        EV: 12    Int:  9    God:
Gold:   76         SH:  0    Dex: 15    Spells: 2/2 levels left

rFire    . . .     SeeInvis .   a - +0 quarterstaff
rCold    . . .     Gourm    .   (shield currently unavailable)
rNeg     . . .     Faith    .   b - +0 leather armour
rPois    .         Spirit   .   (helmet restricted)
rElec    .         Reflect  .   (no cloak)
rCorr    .         Harm     .   (no gloves)
MR       .....                  (no boots)
Stlth    +.........             (no amulet)
HPRegen  0.09/turn              (no ring)
MPRegen  0.08/turn              (no ring)

@: no status effects
A: antennae 1, powered by pain 1
a: no special abilities


You were on level 1 of the Dungeon.
You were not hungry.

You visited 1 branch of the dungeon, and saw 1 of its levels.

You collected 76 gold pieces.

Inventory:

Hand Weapons
 a - a +0 quarterstaff (weapon)
Missiles
 d - 3 throwing nets (quivered)
Armour
 b - a +0 leather armour (worn)
 c - a +0 helmet
Jewellery
 g - an uncursed ring of protection from cold {unknown}
Scrolls
 e - a scroll of random uselessness {unknown}
 i - a scroll of remove curse {unknown}
 j - a scroll of fog {unknown}
 k - a scroll of enchant armour {unknown}
 l - a scroll of enchant weapon {unknown}
 m - a scroll of teleportation {unknown}
 o - a scroll of amnesia {unknown}
Potions
 n - a potion of curing {unknown}
Comestibles
 f - a bread ration
 h - a meat ration


   Skills:
 + Level 2.8 Fighting
 + Level 3.3 Staves
 - Level 1.7 Throwing
 - Level 2.6 Dodging


You had 2 spell levels left.
You didn't know any spells.

Dungeon Overview and Level Annotations

Branches:
Dungeon (1/15)

Altars:


Innate Abilities, Weirdness & Mutations

You have a pair of small antennae on your head.
You sometimes gain a little power by taking damage.


Message History

A goblin comes into view.
The goblin shouts!
You hear a shout!
Found a meat ration.
A goblin comes into view. It is wielding a dagger.
There are monsters nearby!
Found a sapphire potion.
You barely miss the goblin. The goblin hits you but does no damage.
You barely miss the goblin.
The goblin hits you but does no damage. x2
You hit the goblin.
The goblin is severely wounded.
The goblin closely misses you. x2
You hit the goblin.
You kill the goblin!
You have reached level 3!
Your experience leads to an increase in your attributes!
Increase (S)trength, (I)ntelligence, or (D)exterity?
You feel agile.
Your demonic ancestry asserts itself...
A pair of antennae grows on your head!
Your +0 helmet falls away!
The goblin closely misses you.
Are you sure you want to abandon this character and quit the game? (Confirm with "yes".)

# # ### ### ##.# ..#
#..# #.### ##.##
#...####..##############
........)....##........#
.........###....@....%.#
######..## ####..g.....#
#....### #........#
#.##...## ####..####
####.####..## !## .....#
##..# .# .##### ##.# #
## #.#####.# ###
#####.......#


You could see a goblin.

Vanquished Creatures
  A dart slug (D:1)
  4 bats (D:1)
  6 goblins (D:1)
  5 hobgoblins (D:1)
  A jackal (D:1)
  3 frilled lizards (D:1)
  2 kobolds (D:1)
  2 rats (D:1)
24 creatures vanquished.

Notes
Turn   | Place    | Note
-------+----------+-------------------------------------------
     0 | D:1      | Gerstahl the Demonspawn Gladiator began the quest for the Orb.
     0 | D:1      | Reached XP level 1. HP: 16/16 MP: 1/1
    99 | D:1      | Reached skill level 3 in Staves
   108 | D:1      | Gained mutation: You sometimes gain a little power by taking damage. [demonic ancestry]
   108 | D:1      | Reached XP level 2. HP: 23/23 MP: 2/2
   610 | D:1      | Gained mutation: You have a pair of small antennae on your head. [demonic ancestry]
   610 | D:1      | Reached XP level 3. HP: 28/28 MP: 3/3
   611 | D:1      | Quit the game

Vault maps used:
D:1:      tarquinn_simple_flora_water_b, minmay_misc_feat_alley,
          minmay_tree_intersection, minmay_box_of_dots

Skill      XL: |  1 |
---------------+----+-----
Staves         | 3 |  3.3
Fighting       | |  2.8
Throwing       | |  1.7
Dodging        | |  2.6

Action                   || total
-------------------------++-------
Melee: Quarterstaff      ||    60
 Stab: Sleeping          ||     2
Armor: Leather armour    ||    16
Dodge: Dodged            ||    42

Table legend:
 A = Spawn XP
 B = Non-spawn XP
 C = Spawn XP percentage of total XP
 D = Spawn monster count
 E = Non-spawn monster count
 F = Spawn count percentage of total count
 G = Total turns spent on level
                    A         B        C        D         E        F      G
               +---------+---------+-------+---------+---------+-------+---------
         Total |       0 |      41 |   0.0 |       0 |      24 |   0.0 |   611
               +---------+---------+-------+---------+---------+-------+---------
           D:1 |       0 |      41 |   0.0 |       0 |      24 |   0.0 |   611
               +---------+---------+-------+---------+---------+-------+---------
